AoeStats
← TW_Jerry YT @TW-aoe2noobs

Arena

508889727Analyzed
4v4 RM · 8d ago on Sep 24, 2026· 53m 9s· 8 players
Game mode
Random Map
Map size
Large (8 player)
Population
200
Speed
Normal
Resources
Standard
Victory
Conquest
Starting age
Dark Age
Ending age
Imperial Age
RankedLock teamsTeams togetherTeam positionsShared explorationLock speedFull tech treeHidden civsTurbo modeCheats
Victory
Defeat
🇦🇷 Britons · Argentina
1572
+15
🇲🇽 Spanish · Mexico
1533
+17
🇹🇷 Lithuanians · Türkiye
1502
+18
🇨🇭 Mongols · Switzerland
1487
+18
1598
-19
🇹🇼 Spanish · Taiwan
1564
-18
🇹🇼 Cumans · Taiwan
1529
-16
🇹🇼 Turks · Taiwan
1499
-15
Ferpo
5:06 Loom
9:21 Feudal Age
13:29 Double-Bit Axe
16:12 Castle Age
17:53 Padded Archer Armor
19:16 Leather Archer Armor
20:47 Bloodlines
21:30 Husbandry
26:01 Bow Saw
29:09 Horse Collar
30:42 Fletching
34:33 Stone Mining
37:52 Imperial Age
36:41 Heavy Plow
38:39 Wheelbarrow
38:56 Conscription
40:06 Chemistry
39:45 Gold Mining
43:10 Ring Archer Armor
44:25 Hand Cart
45:00 Elite Conquistador
51:38 Two-Man Saw
Sir Dancealot
9:57 Feudal Age
10:01 Feudal Age
14:31 Castle Age
13:02 Double-Bit Axe
13:58 Horse Collar
15:49 Bow Saw
16:43 Fletching
18:45 Wheelbarrow
18:21 Crossbowman
21:22 Hand Cart
22:00 Heavy Plow
24:58 Stone Mining
24:59 Gold Mining
28:10 Stone Shaft Mining
27:41 Loom
32:42 Imperial Age
30:33 Town Watch
31:19 Scale Barding Armor
31:25 Forging
33:06 Chain Barding Armor
33:51 Iron Casting
33:59 Masonry
34:26 Conscription
34:46 Plate Barding Armor
34:46 Iron Casting
35:18 Elite Leitis
36:54 Architecture
37:15 Hoardings
42:48 Bodkin Arrow
43:58 Chemistry
43:18 Ballistics
43:14 Elite Skirmisher
45:24 Bracer
46:35 Husbandry
46:46 Bloodlines
48:03 Two-Man Saw
47:35 Crop Rotation
47:35 Thumb Ring
47:32 Padded Archer Armor
49:02 Cavalier
50:01 Leather Archer Armor
Asator
10:31 Feudal Age
14:30 Castle Age
12:51 Double-Bit Axe
12:47 Horse Collar
13:14 Horse Collar
15:35 Bow Saw
15:26 Heavy Plow
17:03 Loom
19:15 Pikeman
20:59 Squires
22:38 Wheelbarrow
23:58 Gold Mining
25:07 Fortified Wall
25:30 Stone Mining
27:42 Hand Cart
29:48 Gold Shaft Mining
32:20 Imperial Age
29:51 Town Watch
31:20 Scale Mail Armor
31:30 Forging
31:25 Treadmill Crane
32:19 Chain Mail Armor
32:23 Halberdier
33:19 Capped Ram
35:03 Plate Mail Armor
35:09 Iron Casting
35:57 Chemistry
35:27 Conscription
34:58 Fletching
37:59 Blast Furnace
38:50 Yeomen
38:33 Warwolf
39:19 Masonry
39:01 Fletching
40:01 Bodkin Arrow
43:26 Bracer
43:49 Ballistics
43:59 Architecture
43:21 Elite Longbowman
45:26 Padded Archer Armor
47:09 Siege Engineers
48:53 Hoardings
máquina infernal
11:03 Feudal Age
12:00 Double-Bit Axe
11:58 Horse Collar
14:51 Castle Age
16:16 Bow Saw
16:07 Heavy Plow
20:44 Loom
20:48 Town Watch
21:52 Stone Mining
22:55 Wheelbarrow
22:58 Gold Mining
23:58 Stone Shaft Mining
24:45 Gold Shaft Mining
25:23 Town Patrol
26:52 Hand Cart
27:21 Fletching
27:32 Padded Archer Armor
28:09 Ballistics
28:06 Bodkin Arrow
31:08 Imperial Age
29:02 Leather Archer Armor
29:40 Scale Barding Armor
29:45 Forging
29:50 Masonry
30:04 Thumb Ring
29:49 Light Cavalry
30:39 Bloodlines
30:29 Husbandry
31:19 Chain Barding Armor
31:50 Bracer
32:51 Chemistry
32:17 Parthian Tactics
32:49 Conscription
32:19 Elite Mangudai
32:36 Elite Mangudai
34:18 Chain Barding Armor
34:51 Iron Casting
37:49 Hoardings
36:52 Hussar
44:33 Drill
44:20 Siege Engineers
44:27 Fortified Wall
44:38 Capped Ram
44:56 Sappers
45:55 Siege Ram
TW_Dinko
10:46 Feudal Age
14:56 Castle Age
13:03 Horse Collar
13:30 Double-Bit Axe
17:13 Bow Saw
22:43 Wheelbarrow
23:15 Heavy Plow
23:16 Stone Mining
25:23 Loom
28:24 Imperial Age
26:38 Ballistics
26:10 Fletching
26:20 Padded Archer Armor
26:46 Gold Mining
27:39 Hand Cart
27:10 Town Watch
27:25 Bodkin Arrow
28:17 Gold Shaft Mining
28:25 Leather Archer Armor
28:45 Scale Barding Armor
29:13 Thumb Ring
29:28 Bracer
29:58 Ring Archer Armor
29:41 Bloodlines
29:31 Husbandry
29:49 Husbandry
30:35 Parthian Tactics
30:55 Heavy Cavalry Archer
33:05 Conscription
33:06 Sipahi
34:45 Two-Man Saw
36:33 Ring Archer Armor
36:28 Chain Barding Armor
36:42 Artillery
37:19 Hoardings
40:13 Town Patrol
42:25 Plate Barding Armor
42:01 Forging
45:00 Iron Casting
44:38 Fortified Wall
44:24 Murder Holes
44:39 Masonry
TW_Jerry YT @TW-aoe2noobs
10:35 Feudal Age
14:28 Castle Age
13:08 Double-Bit Axe
13:21 Horse Collar
16:37 Bow Saw
17:54 Bloodlines
19:30 Loom
23:19 Heavy Plow
26:56 Wheelbarrow
26:19 Gold Mining
26:20 Stone Mining
28:45 Pikeman
32:37 Imperial Age
30:11 Scale Mail Armor
31:13 Chain Mail Armor
32:14 Corvinian Army
32:21 Scale Barding Armor
32:19 Husbandry
33:02 Hand Cart
33:35 Gold Shaft Mining
33:28 Chain Barding Armor
32:40 Capped Ram
32:42 Halberdier
33:53 Conscription
35:00 Plate Barding Armor
36:32 Elite Magyar Huszar
41:12 Heavy Scorpion
43:03 Chemistry
42:42 Ballistics
42:38 Fletching
43:04 Masonry
45:47 Masonry
45:43 Siege Engineers
45:41 Bodkin Arrow
46:42 Bracer
TW_KA
11:09 Feudal Age
15:03 Castle Age
16:14 Padded Archer Armor
17:37 Double-Bit Axe
17:34 Horse Collar
20:50 Leather Archer Armor
30:01 Wheelbarrow
34:44 Gold Mining
TW_阿倫
9:02 Feudal Age
9:37 Horse Collar
9:43 Double-Bit Axe
19:58 Castle Age
19:08 Wheelbarrow
18:19 Loom
18:20 Town Watch
19:34 Bloodlines
19:32 Scale Barding Armor
19:38 Forging
19:25 Gold Mining
21:33 Heavy Plow
25:56 Chain Barding Armor
26:11 Iron Casting
27:49 Bow Saw
28:37 Hand Cart
32:12 Imperial Age
30:31 Stone Mining
31:17 Gold Shaft Mining
32:30 Cavalier
34:33 Plate Barding Armor
35:45 Blast Furnace
35:21 Paladin
39:36 Capped Ram
39:52 Light Cavalry
41:05 Fletching
40:47 Hussar
45:56 Two-Man Saw
45:46 Conscription
45:34 Steppe Husbandry
45:23 Hussar
Connection lost

Rejoining the realm…

Still unreachable

The connection could not be restored.

Session expired

The server has moved on; the page needs a fresh start.